 Dungeon Crawl Stone Soup version 0.28.0-49-g6dfe1f597d (webtiles) character file.

Game seed: 2649419378923849124

8774 nickcage the Severer (level 11, -6/77 HPs)
             Began as a Demonspawn Abyssal Knight on May 17, 2022.
             Was a High Priest of Lugonu.
             Mangled by Urug
             ... wielding a +4 broad axe
              (22 damage)
             ... on level 10 of the Dungeon on May 18, 2022.
             The game lasted 00:22:32 (10440 turns).

nickcage the Severer (Demonspawn Abyssal Knight)   Turns: 10440, Time: 00:22:33

Health: -6/77      AC: 15    Str: 25    XL:     11   Next: 14%
Magic:  13/13      EV: 11    Int: 11    God:    Lugonu [*****.]
Gold:   617        SH:  0    Dex: 13    Spells: 10/10 levels left

rFire   . . .      SeeInvis .   k - +5 war axe (drain)
rCold   . . .      Faith    .   (no shield)
rNeg    . . .      Spirit   .   y - +1 plate armour
rPois   .          Reflect  .   (no helmet)
rElec   .          Harm     .   (no cloak)
rCorr   .          Rampage  .   (gloves unavailable)
Will    .....                   f - +0 pair of boots
Stlth   ..........              (no amulet)
HPRegen 0.22/turn               B - +6 ring of strength
MPRegen 0.13/turn               o - +4 ring of evasion

@: no status effects
A: thin metallic scales 2, demonic touch 3
a: Renounce Religion, Depart the Abyss, Bend Space, Banish, Corrupt, Enter the
Abyss


You were on level 10 of the Dungeon.
You worshipped Lugonu.
Lugonu was extremely pleased with you.
You visited 1 branch of the dungeon, and saw 10 of its levels.
You visited the Abyss 1 time.

You collected 617 gold pieces.

Inventory:

Hand Weapons
 a - a +1 falchion of freezing
 k - a +5 war axe of draining (weapon)
Missiles
 g - 17 boomerangs
 u - 7 silver boomerangs (quivered)
 x - 3 throwing nets
Armour
 f - a +0 pair of boots (worn)
 y - a +1 plate armour (worn)
Jewellery
 c - a ring of protection from fire
 m - a +4 ring of protection
 o - a +4 ring of evasion (right hand)
 B - a +6 ring of strength (left hand)
 D - a ring of positive energy
Wands
 w - a wand of flame (15)
Scrolls
 b - 3 scrolls of fog
 d - 4 scrolls of teleportation
 i - a scroll of magic mapping
 n - 2 scrolls of amnesia
 q - a scroll of silence
 s - 4 scrolls of enchant armour
 z - a scroll of enchant weapon
 A - 2 scrolls of identify
Potions
 e - 2 potions of invisibility
 h - a potion of lignification {unknown}
 j - a potion of flight {unknown}
 l - 2 potions of curing
 p - a potion of haste {unknown}
 r - 4 potions of mutation
 t - 3 potions of heal wounds {unknown}
 v - a potion of degeneration {unknown}
 C - a potion of resistance {unknown}


   Skills:
 - Level 4.0 Fighting
 - Level 3.5 Long Blades
 * Level 15.0 Axes
 - Level 0.2 Throwing
 - Level 1.7 Armour
 - Level 0.8 Dodging
 * Level 3.3 Invocations


You had 10 spell levels left.
You didn't know any spells.
Your spell library contained the following spells:

 Spells                   Type           Power      Damage    Failure   Level
 Summon Small Mammal      Summ           0%         N/A       99%         1
 Blink                    Tloc           0%         N/A       100%        2
 Call Canine Familiar     Summ           0%         N/A       100%        3
 Gell's Gravitas          Tloc           0%         N/A       100%        3
 Lesser Beckoning         Tloc           0%         N/A       100%        3
 Summon Guardian Golem    Hex/Summ       0%         N/A       100%        3
 Teleport Other           Tloc           0%         N/A       100%        3
 Manifold Assault         Tloc           0%         N/A       100%        5
 Dispersal                Tloc           0%         N/A       100%        6


Dungeon Overview and Level Annotations

Branches:
Dungeon (10/15)            Temple (0/1) D:4            Lair (0/6) D:8
    Orc (0/2) D:10

Altars:
Ashenzari
Cheibriados
Dithmenos
Fedhas
Kikubaaqudgha
Qazlal
Sif Muna
Trog
Uskayaw
Vehumet
Xom
Yredelemnul
The Shining One
Beogh

Shops:
D:9 [

Annotations:
D:4 2 transporters
D:10 Urug


Innate Abilities, Weirdness & Mutations

You are mostly covered in thin metallic scales. (AC +3)
Your touch may irresistibly damage your foes and sap their willpower.


Message History

Okay, then.
You hit the orc. Your touch misses the orc.
The orc is heavily wounded.
The orc priest calls upon Beogh to heal the orc.
The orc's wounds heal themselves!
You barely miss the orc.
You touch the orc.
You sap its willpower!
The orc is moderately wounded.
You completely miss the orc.
The orc is moderately wounded.
The orc priest mumbles some strange prayers to Beogh against you.
You struggle to resist.
The orc hits you but does no damage.
You slash the orc!
You kill the orc!
Lugonu accepts your kill.
Urug screams, "Payback for my eye!"
You slash the orc priest!
You touch the orc priest.
You kill the orc priest!
Lugonu accepts your kill.
Urug throws a javelin.
The javelin barely misses you. Urug hits you with a +4 broad axe!!
Items here: )) [[ †.
You closely miss Urug. Urug hits you with a +4 broad axe!!
You slash Urug! Your touch misses Urug.
Urug is lightly wounded.
You hit Urug. You drain Urug.
Urug is moderately wounded.
Urug closely misses you.
You slash Urug!
Urug is moderately wounded.
Urug hits you with a +4 broad axe.
You slice Urug!!
You touch Urug!
You sap her willpower!
Urug is severely wounded.
Urug hits you with a +4 broad axe!!
* * * LOW HITPOINT WARNING * * *
You hit Urug but do no damage.
Urug is severely wounded.
You miss Urug. Your touch misses Urug.
Urug is severely wounded.
Urug hits you with a +4 broad axe!!
You die...

****,,,,,,,,**,*,* *,* ******#
*,*,,,,,,,,,*,* *,* **,,,,,,
******,*,**##,****,* *,* *,,,,,,,
*,,,,,,,,,,,..,,,,,* *,* *,,*****
*,****,*,,,,,.*###****,***,,,,,,,
*,* *,***####..<.,,,,,,,,,,,,,**
*,* *,,,,,...>#.#####.#########*
*,* ********#.o.......#......<.,
*,* *,#@#######.######## *,*
*,#)...............# *,*
*,#.#.#####.######.# *,* *,#.#.#
##.######.# *,************,#...#
#.........# *,,,,,,,,,,,,,,#####
#.......... *,************,*
#.......... *,* *,* #.#########
*** *** ##*


You could see Urug (weak-willed, drained).

Vanquished Creatures
  A centaur zombie (D:10)
  2 trolls
  15 yaks
  Eustachio (D:6)
  2 steam dragons
  3 water moccasins (D:8)
  4 orc warriors
  An ice beast (D:6)
  3 hornet zombies
  3 black bears (D:8)
  A sky beast (D:7)
  A necrophage (D:6)
  2 ogres
  7 centaurs
  A phantom (D:6)
  2 kobold brigands
  6 scorpions
  5 bullfrogs
  2 gnoll sergeants
  A wyvern skeleton (D:5)
  5 killer bees (D:9)
  7 wights
  8 howler monkeys
  A bullfrog zombie (D:7)
  A jelly (D:7)
  A centaur skeleton (D:4)
  4 hounds
  2 bullfrog skeletons
  8 orc priests
  2 gnoll shamans
  6 iguanas
  6 orc wizards
  2 hound skeletons (D:4)
  23 gnolls
  6 adders
  8 river rats (D:6)
  2 ufetubi
  3 worms
  A dart slug (D:5)
  49 orcs
  8 endoplasms
  3 giant cockroaches
  3 goblins (D:1)
  10 hobgoblins
  4 jackals (D:3)
  18 kobolds
  13 quokkas
  7 ball pythons
  5 bats
  7 frilled lizards
  18 rats
304 creatures vanquished.

Vanquished Creatures (others)
  40 fungi (D:8)
  54 plants (D:8)
94 creatures vanquished.

Grand Total: 398 creatures vanquished

Notes
Turn   | Place    | Note
-------+----------+-------------------------------------------
     0 | Abyss:1  | nickcage the Demonspawn Abyssal Knight began the quest for
                  | the Orb.
     0 | Abyss:1  | Reached XP level 1. HP: 18/18 MP: 2/2
     0 | D:1      | Escaped the Abyss
    22 | D:1      | Found a faded altar of an unknown god.
   406 | D:1      | Gained mutation: You are partially covered in thin metallic
                  | scales. (AC +2) [demonic ancestry]
   406 | D:1      | Reached XP level 2. HP: 24/24 MP: 3/3
   415 | D:1      | Reached * piety under Lugonu
   732 | D:1      | You fall into a shaft and drop 1 floor!
  1088 | D:1      | Gained mutation: Your touch may inflict minor irresistible
                  | damage on your foes. [demonic ancestry]
  1088 | D:1      | Reached XP level 3. HP: 29/29 MP: 4/4
  2121 | D:3      | Gained mutation: Your touch may inflict irresistible damage
                  | on your foes. [demonic ancestry]
  2121 | D:3      | Reached XP level 4. HP: 35/35 MP: 5/5
  2162 | D:3      | Reached skill level 1 in Axes
  2350 | D:3      | Reached skill level 2 in Axes
  2352 | D:3      | Reached ** piety under Lugonu
  2861 | D:3      | Reached XP level 5. HP: 38/41 MP: 6/6
  2976 | D:4      | Reached skill level 3 in Axes
  3153 | D:4      | Reached skill level 4 in Axes
  3153 | D:4      | Reached XP level 6. HP: 47/47 MP: 7/7
  3286 | D:4      | Found a staircase to the Ecumenical Temple.
  3319 | D:4      | Found a transporter.
  3343 | D:4      | Found a transporter.
  3531 | D:4      | Reached skill level 5 in Axes
  3655 | D:4      | Found a shimmering altar of Xom.
  3655 | D:4      | Found a hide-covered altar of Uskayaw.
  3656 | D:4      | Found a radiant altar of Vehumet.
  3664 | D:4      | Found a shimmering blue altar of Sif Muna.
  3665 | D:4      | Found a stormy altar of Qazlal.
  3671 | D:4      | Reached *** piety under Lugonu
  3672 | D:4      | Gained mutation: You are mostly covered in thin metallic
                  | scales. (AC +3) [demonic ancestry]
  3672 | D:4      | Reached XP level 7. HP: 52/53 MP: 8/8
  3673 | D:4      | Found a broken altar of Ashenzari.
  3673 | D:4      | Found a bloodstained altar of Trog.
  3674 | D:4      | Found a snail-covered altar of Cheibriados.
  3676 | D:4      | Found an ancient bone altar of Kikubaaqudgha.
  3682 | D:4      | Found a shadowy altar of Dithmenos.
  3683 | D:4      | Found a basalt altar of Yredelemnul.
  3824 | D:5      | Entered Level 5 of the Dungeon
  3840 | D:4      | Reached skill level 6 in Axes
  4413 | D:5      | Reached skill level 7 in Axes
  4595 | D:5      | Reached XP level 8. HP: 60/60 MP: 9/9
  5070 | D:5      | Found a runed translucent door.
  5186 | D:5      | Reached skill level 8 in Axes
  5190 | D:5      | Reached **** piety under Lugonu
  5773 | D:6      | Identified the +0 mace of Execution {flame, Fly rF- rCorr}
  5843 | D:6      | Reached skill level 9 in Axes
  6107 | D:6      | Gained mutation: Your touch may irresistibly damage your
                  | foes and sap their willpower. [demonic ancestry]
  6107 | D:6      | Reached XP level 9. HP: 43/65 MP: 10/10
  6114 | D:6      | Noticed Eustachio
  6135 | D:6      | Reached skill level 10 in Axes
  6310 | D:6      | Killed Eustachio
  6597 | D:6      | Reached skill level 11 in Axes
  7007 | D:7      | Reached ***** piety under Lugonu
  7938 | D:8      | Reached skill level 12 in Axes
  7979 | D:8      | Reached XP level 10. HP: 46/71 MP: 11/11
  8070 | D:8      | Reached skill level 13 in Axes
  8413 | D:8      | Reached skill level 14 in Axes
  8553 | D:8      | Found a staircase to the Lair.
  8832 | D:9      | Found Jiwiatwuji's Antique Armour Emporium.
  9571 | D:9      | Reached XP level 11. HP: 67/77 MP: 13/13
  9656 | D:9      | Found a blossoming altar of Fedhas.
 10123 | D:10     | Entered Level 10 of the Dungeon
 10252 | D:10     | Reached skill level 15 in Axes
 10426 | D:10     | Noticed Urug
 10440 | D:10     | Mangled by Urug

Illustrated notes

Levels and vault maps discovered:
D:1:      lemuel_arrival_rhombus, layout_basic, ebering_ecumenical_altar_rust,
          minmay_misc_feat_enclosed, minmay_liquid_box,
          hangedman_decor_clover_reticule
D:2:      layout_basic, serial_bayou_pond_e
D:3:      cheibrodos_pilgrimage, layout_basic, mainiacjoe_overflow_24_doors,
          chequers_serial_rivers_large_a, grunt_decor_cap,
          minmay_close_crescents
D:4:      gammafunk_steamed_eel, layout_loops_ring,
          nicolae_overflow_hallway_of_the_gods, minmay_temple_entry_slanted
D:5:      layout_loops_ring, lightli_church_of_beogh
D:6:      lemuel_ratsnest, layout_basic, uniq_eustachio
D:7:      layout_basic
D:8:      layout_rooms, due_lair_maze_entry_diamond
D:9:      layout_grid_maze, fedhas_altar_1, serial_shops, kennysheep_mini_moat
D:10:     layout_basic, david_orc_5, serial_shops, shop_coins, uniq_urug

Skill      XL: |  1  2  3  4  5  6  7  8  9 10 11 |
---------------+----------------------------------+-----
Long Blades    | 2 3 |  3.5
Axes           | 2 4 5 7 9 12 14 15 | 15.0
Fighting       | 4 |  4.0
Invocations    | 3 |  3.3
Throwing       | |  0.2
Armour         | |  1.7
Dodging        | |  0.8

Action                   |  1- 3 |  4- 6 |  7- 9 | 10-12 || total
-------------------------+-------+-------+-------+-------++-------
Melee: Falchion          |    88 |       |       |       ||    88
       War axe           |    22 |   113 |   311 |   230 ||   676
       Touch             |     3 |    11 |    45 |    42 ||   101
       Punch             |       |     1 |       |     3 ||     4
Throw: Boomerang         |     4 |     3 |     8 |     2 ||    17
Invok: Depart the Abyss  |     1 |       |       |       ||     1
  Use: Scroll            |       |       |    10 |     4 ||    14
 Stab: Sleeping          |     2 |     1 |       |       ||     3
Armor: Leather armour    |    35 |    28 |       |       ||    63
       Scale mail        |       |    49 |    20 |       ||    69
       Plate armour      |       |       |   139 |   153 ||   292
Dodge: Dodged            |    70 |   116 |   128 |   130 ||   444
